cohdb
Replays
Latest Replays
All Replays
Popular Replays
Top Player Replays
Match Explorer
How It Works
Community
CoH3 Stats
Reddit
Sign in to upload your games and track your stats! →
Sign in with Steam
Match 45903636
Unlisted
Match 45903636
Overview
Messages
Build Orders
End
Selects Heavy Weapons
Construct Barracks
Riflemen Squad
Riflemen Squad
Riflemen Squad
Grenade Package
Construct Medical Station
Selects Assault Carriers
Infantry Support Center
M1 Mortar Team
M1918 Browning Automatic Rifles
Selects Halftrack Strongpoints
Construct Motor Pool
M1 Anti-tank Gun Team
M8 Greyhound Armored Car
M1 Anti-tank Gun Team
Survival Training
Engineer Squad
M24 Chaffee Light Tank
Advanced Logistics
nigo_BR ᵀᴹ
Derek Doon
Legionary
Samar
Doug Dimmadome
hexxcode
0
0
Comments
sign in to comment!
No comments posted yet!